 Dungeon Crawl Stone Soup version 0.27.1-3-gb3d3a73c9e (webtiles) character file.

Game seed: 13323904197156054056

257136 vatarom the Devastator (level 19, -13/140 HPs)
             Began as a Demonspawn Fire Elementalist on Oct 8, 2021.
             Was a High Priest of Sif Muna.
             Mangled by a spriggan defender (27 damage)
             ... led by the Enchantress
             ... on level 15 of the Dungeon.
             The game lasted 02:42:04 (66616 turns).

vatarom the Devastator (DsFE)                      Turns: 66616, Time: 02:42:05

Health: -13/140    AC: 21    Str: 10      XL:     19   Next: 9%
Magic:  6/31       EV: 13    Int: 24 (29) God:    Sif Muna [*****.]
Gold:   2889       SH: 11    Dex: 22 (25) Spells: 2/42 levels left

rFire    + . .     SeeInvis .   q - +5 short sword (elec)
rCold    + + +     Faith    +   g - +1 buckler
rNeg     . . .     Spirit   .   x - +3 scale mail of Ocedgh {Int+6 Dex+4}
rPois    +         Reflect  .   v - +1 hat
rElec    +         Harm     .   A - +2 cloak
rCorr    +         Rampage  .   P - +2 pair of gloves {Dex+3}
Will     +....     Rnd*Rage +   m - +0 pair of boots Stlth ++........Rnd*Tele +
                                Q - amulet of faith
HPRegen  0.33/turn              c - ring of protection from cold
MPRegen  0.22/turn              H - ring "Muplerucept" {Fly rC+ rCorr Dex+4}

@: resistant, unable to read, flying
A: antennae 2, icemail 1, sturdy frame 2, condensation shield, demonic magic 3,
screaming 1, inability to read while threatened, [berserk 1], [deterioration 1],
[low mp 1], [teleportitis 1], [subdued magic 1]
}: 2/15 runes: decaying, gossamer
a: Renounce Religion, Channel Magic, Forget Spell, Divine Exegesis


You were on level 15 of the Dungeon.
You worshipped Sif Muna.
Sif Muna was extremely pleased with you.
You visited 8 branches of the dungeon, and saw 34 of its levels.
You visited the Abyss 1 time.
You also visited: Gauntlet and Ice Cave.

You collected 2889 gold pieces.

Inventory:

Hand Weapons
 q - a +5 short sword of electrocution (weapon)
Missiles
 d - 3 throwing nets {!f}
 e - 40 boomerangs
 L - 7 silver boomerangs
 M - 8 curare-tipped darts
 R - 5 silver javelins
Armour
 g - a +1 buckler (worn)
 m - a +0 pair of boots (worn)
 v - a +1 hat (worn)
 x - the +3 scale mail of Ocedgh (worn) {Int+6 Dex+4}
   (You found it on level 11 of the Dungeon)

   Int:       It affects your intelligence (+6).
   Dex:       It affects your dexterity (+4).
 A - a +2 cloak (worn)
 P - a +2 pair of gloves of dexterity (worn)
 S - a +1 pair of gloves of stealth
 V - the +4 skin of Zhor {*Englaciate rC+++ SInv}
   (You found it in an ice cave)

   It radiates cold, occasionally slowing all nearby creatures who are not
   resistant to cold.
   rC:        It renders you almost immune to cold.
   SInv:      It lets you see invisible.
Jewellery
 c - a ring of protection from cold (left hand)
 o - a ring of poison resistance
 w - a ring of wizardry
 H - the ring "Muplerucept" (right hand) {Fly rC+ rCorr Dex+4}
   (You found it on level 1 of the Lair of Beasts)

   [ring of resist corrosion]

   Dex:       It affects your dexterity (+4).
   rC:        It protects you from cold.
   Fly:       It grants you flight.
   rCorr:     It protects you from acid and corrosion.
 Q - an amulet of faith (around neck)
 W - an amulet of guardian spirit
 Y - the ring of the Messenger {Contam rC+ Str+9 SInv}
   (You found it in an ice cave)

   [ring of protection from cold]

   Str:       It affects your strength (+9).
   rC:        It protects you from cold.
   SInv:      It lets you see invisible.
   Contam:    It causes magical contamination when unequipped.
Wands
 a - a wand of mindburst (16)
 y - a wand of flame (45)
 C - a wand of charming (27)
 G - a wand of polymorph (24)
 J - a wand of digging (10) {@v1}
 N - a wand of iceblast (12) {@v4}
 X - a wand of paralysis (12)
Scrolls
 b - 4 scrolls of immolation
 l - 9 scrolls of teleportation {@r3}
 p - a scroll of fear
 r - 3 scrolls of amnesia
 s - 3 scrolls of magic mapping
 D - 19 scrolls of identify {@r1}
 K - 4 scrolls of fog
 O - 2 scrolls of blinking {@r4}
Potions
 f - 3 potions of haste {@q3}
 h - 4 potions of lignification
 i - 3 potions of invisibility
 j - 2 potions of attraction
 k - 2 potions of curing {@q1}
 u - 7 potions of heal wounds {@q2}
 z - a potion of might {@q4}
 B - 11 potions of ambrosia
 E - 2 potions of resistance
 F - a potion of brilliance {@q6}
 I - 2 potions of flight
 U - a potion of cancellation
Miscellaneous
 n - a condenser vane
 t - a lightning rod (4/4)
 T - a condenser vane


   Skills:
 - Level 10.0 Fighting
 - Level 8.0 Short Blades
 - Level 3.8 Dodging
 - Level 2.1 Stealth
 - Level 4.0 Shields
 - Level 12.0 Spellcasting
 - Level 18.0 Conjurations
 * Level 1.0 Summonings
 - Level 3.0 Translocations
 - Level 12.2 Fire Magic
 + Level 9.8 Earth Magic
 + Level 16.6 Invocations
 + Level 9.6 Evocations


You had 2 spell levels left.
You knew the following spells:

 Your Spells              Type           Power      Damage    Failure   Level
a - Foxfire               Conj/Fire      100%       2x1d9     0%          1
b - Inner Flame           Hex/Fire       33%        N/A       1%          3
d - Sticky Flame          Conj/Fire      61%        2d8       1%          4
e - Fireball              Conj/Fire      30%        3d13      1%          5
f - Blink                 Tloc           N/A        N/A       2%          2
g - Starburst             Conj/Fire      30%        6d9       1%          6
h - Orb of Destruction    Conj           33%        9d12      3%          7
s - Spellforged Servitor  Conj/Summ      23%        N/A       78%         7
w - Bolt of Magma         Conj/Fire/Erth 28%        4d13      1%          5

Your spell library contained the following spells:

 Spells                   Type           Power      Damage    Failure   Level
 Magic Dart               Conj           100%       1d8       0%          1
 Searing Ray              Conj           100%       3d7       0%          2
 Sandblast                Erth           94%        2d19      1%          1
 Shock                    Conj/Air       100%       1d9       1%          1
 Passwall                 Tmut/Erth      24%        N/A       1%          2
 Static Discharge         Conj/Air       44%        N/A       1%          2
 Freeze                   Ice            44%        1d6       7%          1
 Corpse Rot               Necr/Air       N/A        N/A       11%         2
 Poisonous Vapours        Pois/Air       22%        N/A       11%         2
 Slow                     Hex            11%        N/A       11%         2
 Conjure Flame            Conj/Fire      61%        6-21      1%          3
 Dazzling Flash           Conj/Hex       88%        N/A       1%          3
 Mephitic Cloud           Conj/Pois/Air  33%        N/A       1%          3
 Stone Arrow              Conj/Erth      100%       3d13      1%          3
 Fulminant Prism          Conj/Hex       22%        3d13      1%          4
 Hailstorm                Conj/Ice       44%        3d10      1%          4
 Iskenderun's Mystic Bla  Conj/Tloc      49%        2d11      1%          4
 Ignite Poison            Fire/Tmut/Pois 26%        N/A       3%          3
 Lee's Rapid Deconstruct  Erth           23%        3d14*     3%          5
 Gell's Gravitas          Tloc           11%        N/A       6%          3
 Lesser Beckoning         Tloc           11%        N/A       6%          3
 Teleport Other           Tloc           22%        N/A       6%          3
 Leda's Liquefaction      Hex/Erth       14%        N/A       9%          4
 Petrify                  Tmut/Erth      29%        N/A       9%          4
 Freezing Cloud           Conj/Ice/Air   16%        6-21      17%         5
 Passage of Golubria      Tloc           N/A        N/A       21%         4
 Confusing Touch          Hex            11%        N/A       22%         3
 Spider Form              Tmut/Pois      5%         N/A       22%         3
 Swiftness                Air            11%        N/A       22%         3
 Vampiric Draining        Necr           5%         2d6       22%         3
 Borgnjor's Vile Clutch   Necr/Erth      14%        N/A       26%         5
 Conjure Ball Lightning   Conj/Air       22%        3x3d6     28%         6
 Summon Ice Beast         Ice/Summ       13%        N/A       52%         4
 Manifold Assault         Tloc           22%        N/A       52%         5
 Airstrike                Air            5%         N/A       58%         4
 Animate Dead             Necr           5%         N/A       58%         4
 Cause Fear               Hex            5%         N/A       58%         4
 Ice Form                 Ice/Tmut       11%        N/A       58%         4
 Statue Form              Tmut/Erth      19%        N/A       83%         6
 Summon Mana Viper        Hex/Summ       13%        N/A       86%         5
 Lehudib's Crystal Spear  Conj/Erth      29%        10d8      86%         8
 Alistair's Intoxication  Tmut/Pois      7%         N/A       91%         5
 Metabolic Englaciation   Hex/Ice        5%         N/A       91%         5
 Silence                  Hex/Air        5%         N/A       91%         5
 Dispersal                Tloc           11%        N/A       98%         6
 Eringya's Noxious Bog    Tmut/Pois      5%         N/A       100%        6
 Invisibility             Hex            5%         N/A       100%        6
 Shadow Creatures         Summ           N/A        N/A       100%        6
 Simulacrum               Ice/Necr       5%         N/A       100%        6
 Ozocubu's Refrigeration  Ice            5%         4d6       100%        7
 Storm Form               Tmut/Air       5%         N/A       100%        7
 Discord                  Hex            5%         N/A       100%        8
 Disjunction              Tloc           11%        N/A       100%        8
 Dragon's Call            Summ           7%         N/A       100%        9
 Polar Vortex             Ice            5%         N/A       100%        9
 Shatter                  Erth           23%        3d20*     100%        9


Dungeon Overview and Level Annotations

Branches:
Dungeon (15/15)            Temple (1/1) D:7            Lair (6/6) D:11
  Swamp (4/4) Lair:2       Spider (4/4) Lair:4        Slime (0/5) Lair:5
    Orc (2/2) D:11            Elf (1/3) Orc:2        Vaults (0/5) D:13
 Depths (1/5) D:15          IceCv (visited)         Gauntlet (visited)

Altars:
Ashenzari
Cheibriados
Dithmenos
Elyvilon
Fedhas
Gozag
Hepliaklqana
Kikubaaqudgha
Makhleb
Nemelex Xobeh
Okawaru
Qazlal
Ru
Sif Muna
Trog
Uskayaw
Vehumet
Wu Jian
Xom
Yredelemnul
Zin
The Shining One
Beogh
Jiyva

Shops:
D:3 *   D:10 !   Orc:2 ([[*

Annotations:
D:3 1 runed translucent door, Crazy Yiuf
D:4 exclusion: ogre
D:5 2 transporters, NakanoYusui's ghost, novice DsAK
D:6 3 runed translucent doors, Manslay's ghost, novice OpCj; MisterFreud's ghost, novice GnFi; diceflayer's ghost, novice MiFi
D:10 1 runed translucent door, exclusion: skeletal warrior, vatarom's ghost, novice DsIE
D:15 Joteten's ghost, journeyman TrMo
Lair:3 2 transporters, Yjeari's ghost, journeyman GrMo
Lair:6 1 runed translucent door, Borgoz's ghost, journeyman GrBe
Spider:1 1 runed translucent door, ABBCCCDDDD's ghost, adept OpFE
Depths:1 the Enchantress


Innate Abilities, Weirdness & Mutations

You have a pair of antennae on your head.
A meltable icy envelope protects you from harm. (AC +4)
Your movements are less encumbered by armour. (ER -4)
A meltable shield of frost defends you. (SH +4)
Spells you cast and wands you use may paralyse nearby enemies.
You occasionally shout uncontrollably at your foes.
You sometimes lose the ability to read scrolls when taking damage.
[You tend to lose your temper in combat.]
[Your body sometimes deteriorates upon taking damage.]
[Your magical capacity is low. (-10% MP)]
[You are occasionally teleported next to monsters.]
[Your spells are a little easier to cast, but a little less powerful.]


Message History

Confirm with . or Enter, or press ? or * to list all spells.
Casting: Starburst (dangerous; 1% risk of failure)
Press: ? - help, Dir - look around, f - activate The bolt of fire hits the spriggan defender!
The spriggan defender is moderately wounded.
The bolt of fire misses the spriggan defender.
Malevolent energies surge around you.
You block the spriggan defender's attack.
Casting: Starburst (dangerous; 1% risk of failure)
Confirm with . or Enter, or press ? or * to list all spells.
Casting: Starburst (dangerous; 1% risk of failure)
Press: ? - help, Dir - look around, f - activate The bolt of fire hits the spriggan defender!!
The spriggan defender is almost dead.
The bolt of fire misses the spriggan defender. x2
The bolt of fire hits the iron troll.
The iron troll resists.
The iron troll is moderately wounded.
Malevolent energies surge around you.
You block the spriggan defender's attack.
The spriggan defender barely misses you. x2
Casting: Starburst (dangerous; 1% risk of failure)
Confirm with . or Enter, or press ? or * to list all spells.
Casting: Starburst (dangerous; 1% risk of failure)
Press: ? - help, Dir - look around, f - activate The bolt of fire hits the spriggan defender!!
The spriggan defender is severely wounded.
The bolt of fire misses the spriggan defender.
The bolt of fire hits the spriggan defender!!
The spriggan defender is heavily wounded.
The bolt of fire hits the iron troll!
The iron troll resists.
The iron troll is moderately wounded.
Malevolent energies surge around you.
The spriggan defender hits you with a +3 rapier of holy wrath!
You convulse!!
* * * LOW HITPOINT WARNING * * *
The spriggan defender hits you with a +4 quick blade!
* * * LOW HITPOINT WARNING * * *
You block the spriggan defender's attack.
The spriggan defender hits you with a +3 rapier of holy wrath!!
You die...

#.# #....######
#.######.#######..
#.........#...####
#.............#
##........#...#
#....####.####
#....#⌠..#...#
#####.#.....#.#
#@i..[#.(.#.#.####
#ii#.#.#.#..#.....
#.#TT.#.....#####.
###...[.#.##### #.
#...#([>#.##.# #.
####.####.##.### #.
#..[#.....##...####.
#.[.[.########...(..
#^..#..# ##..###


You could see an iron troll, 3 spriggan defenders and a deep troll.

Vanquished Creatures
  the Lernaean hydra (Swamp:4)
  Jorgrun (Spider:1)
  Rupert (D:12)
  7 thorn hunters
  An azure jelly (IceCv)
  A fenstrider witch (Swamp:3)
  5 ghost moths
  A draconian scorcher (Abyss:2)
  4 emperor scorpions
  3 quicksilver oozes (IceCv)
  2 starcursed masses (Abyss:2)
  3 dire elephants
  A spark wasp (Spider:4)
  3 bunyips
  4 eleionomae
  A merfolk impaler (Depths:1)
  Josephine (D:12)
  An ettin (D:14)
  A shambling mangrove (Swamp:3)
  Harold (D:7)
  28 hydras
  An ogre mage (D:13)
  Erica (D:10)
  6 centaur warriors
  5 boulder beetles
  6 two-headed ogres
  2 dancing weapons
  4 alligators
  A catoblepas (D:14)
  5 tengu warriors
  4 orc high priests
  7 death yaks
  A deep elf knight (Spider:2)
  A wretched star (Abyss:2)
  An iron troll (D:15)
  6 skeletal warriors
  A death drake (Swamp:3)
  3 spriggan druids
  2 goliath frogs (Swamp:1)
  4 deep trolls
  10 swamp dragons
  5 large abominations
  A glowing orange brain (Abyss:2)
  10 bog bodies
  2 deep elf zephyrmancers (D:13)
  5 wolf spider zombies (Spider:3)
  3 spectral wolf spiders (Spider:3)
  9 orc knights
  9 ugly things (D:14)
  An iron dragon zombie (Abyss:2)
  2 deep elf archers
  A wizard (D:11)
  5 necromancers
  19 orb spiders
  3 deep elf pyromancers
  5 orc sorcerers (Orc:2)
  37 wolf spiders
  4 manticores
  3 moths of wrath
  3 oklob plants (Lair:1)
  A cyclops (D:14)
  A worldbinder (Abyss:2)
  2 will-o-the-wisps
  17 black mambas
  An ice statue (IceCv)
  A guardian serpent (Lair:6)
  20 cane toads
  A gargoyle (D:12)
  2 torpor snails
  An unseen horror (D:12)
  An unseen horror (shapeshifter) (D:13)
  2 kobold demonologists
  Maggie (D:6)
  2 rime drakes
  13 demonic crawlers
  11 komodo dragons
  3 trolls
  2 entropy weaver simulacra (IceCv)
  2 ice devils (Orc:2)
  3 meliai (D:15)
  8 tyrant leeches
  48 jumping spiders
  2 bloated husks
  2 polar bears
  14 hornets
  A queen bee (D:15)
  5 wolf spider simulacra (Spider:3)
  15 blink frogs
  A dream sheep (shapeshifter) (D:14)
  8 dream sheep (Lair:6)
  28 slime creatures
  A stone giant simulacrum (Abyss:2)
  6 spriggans
  A centaur simulacrum (D:14)
  A meliai zombie (D:11)
  4 flying skulls
  22 tarantellas
  90 redbacks
  3 shadows
  9 wraiths
  A ynoxinul (Abyss:2)
  3 water elementals
  9 wyverns (Lair:6)
  54 yaks
  3 basilisks
  A chaos spawn (Abyss:2)
  2 neqoxecs (Abyss:2)
  3 golden eyes (Abyss:2)
  5 steam dragons
  7 vampire mosquitoes
  22 swamp worms
  3 wargs
  3 demonic crawler simulacra (IceCv)
  A hell hound (Spider:2)
  An acid dragon (D:10)
  Duvessa (D:7)
  30 water moccasins
  7 swamp drakes (Swamp:4)
  2 black bears
  19 orc warriors
  An ice beast (D:7)
  A sky beast (D:7)
  An ugly thing simulacrum (IceCv)
  7 ogres
  A necrophage (D:6)
  13 wolves
  15 centaurs
  A phantom (D:4)
  3 kobold brigands
  10 bullfrogs
  2 glowing shapeshifter simulacra (IceCv)
  A gnoll sergeant (D:12)
  8 small abominations
  A wyvern zombie (D:7)
  An earth elemental (Elf:1)
  4 scorpions
  A water moccasin zombie (D:5)
  Dowan (D:7)
  21 killer bees
  4 wights
  2 electric eels
  3 howler monkeys
  6 centaur zombies
  A gnoll shaman (Orc:1)
  2 hounds
  3 jellies
  10 orc priests
  16 centaur skeletons
  2 iguanas
  An iron imp (D:13)
  14 orc wizards
  A killer bee zombie (D:3)
  A hound skeleton (D:4)
  4 howler monkey zombies
  8 adders
  8 gnolls
  2 white imps
  2 ufetubi
  3 worms
  A dart slug (D:4)
  46 orcs
  11 bats
  6 endoplasms
  8 giant cockroaches
  14 goblins
  13 hobgoblins
  11 jackals
  17 kobolds
  3 quokkas
  10 ball pythons
  A frilled lizard (D:1)
  4 rats
  4 briar patches (Swamp:3)
  A lurking horror (Abyss:2)
1138 creatures vanquished.

Vanquished Creatures (collateral kills)
  An orc knight (Orc:2)
  An orc wizard (Orc:2)
  4 foxfires
6 creatures vanquished.

Vanquished Creatures (others)
  A goliath frog (Swamp:1)
  An orc sorcerer (Orc:2)
  An orc knight (Orc:2)
  An entropy weaver simulacrum (IceCv)
  A bloated husk (Swamp:1)
  A shadow (D:9)
  2 demonic crawler simulacra (IceCv)
  An ugly thing simulacrum (IceCv)
  2 glowing shapeshifter simulacra (IceCv)
  2 briar patches (Swamp:3)
  4 bushes (Lair:6)
  14 demonic plants (Gauntlet)
  683 foxfires
  96 fungi
  151 plants
  5 withered plants (Gauntlet)
966 creatures vanquished.

Grand Total: 2110 creatures vanquished

Notes
Turn   | Place    | Note
-------+----------+-------------------------------------------
     0 | D:1      | vatarom the Demonspawn Fire Elementalist began the quest
                  | for the Orb.
     0 | D:1      | Reached XP level 1. HP: 13/13 MP: 3/3
   448 | D:1      | Gained mutation: A meltable shield of frost defends you.
                  | (SH +4) [demonic ancestry]
   448 | D:1      | Reached XP level 2. HP: 19/19 MP: 0/5
  1053 | D:1      | Reached XP level 3. HP: 24/24 MP: 4/6
  1404 | D:2      | Learned a level 3 spell: Conjure Flame
  1814 | D:2      | Learned a level 3 spell: Inner Flame
  1886 | D:2      | Found a faded altar of an unknown god.
  1896 | D:2      | Reached skill level 2 in Conjurations
  1896 | D:2      | Gained mutation: Spells you cast may paralyse adjacent
                  | enemies. [demonic ancestry]
  1896 | D:2      | Reached XP level 4. HP: 30/30 MP: 4/7
  2783 | D:3      | Reached XP level 5. HP: 29/35 MP: 3/9
  3060 | D:3      | Found Aqechix's General Store.
  3654 | D:4      | You fall into a shaft and drop 1 floor!
  3654 | D:5      | Entered Level 5 of the Dungeon
  3832 | D:4      | Reached XP level 6. HP: 41/41 MP: 7/10
  3838 | D:4      | Learned a level 4 spell: Sticky Flame
  4161 | D:3      | Reached skill level 3 in Conjurations
  4261 | D:3      | Found a runed translucent door.
  4262 | D:3      | Noticed Crazy Yiuf
  4470 | D:4      | Found a bloodstained altar of Trog.
  4470 | D:4      | Found an ornate altar of the Wu Jian Council.
  4477 | D:4      | Found a burning altar of Makhleb.
  4552 | D:4      | Reached skill level 5 in Fire Magic
  5070 | D:5      | Noticed an ice beast
  5159 | D:5      | Found a transporter.
  5160 | D:5      | Noticed NakanoYusui's ghost (novice DsAK)
  5165 | D:5      | Found a transporter.
  5681 | D:6      | Gained mutation: Your movements are slightly less
                  | encumbered by armour. (ER -2) [demonic ancestry]
  5681 | D:6      | Reached XP level 7. HP: 23/46 MP: 4/12
  6017 | D:6      | Found a runed translucent gate.
  6017 | D:6      | Found a runed translucent gate.
  6017 | D:6      | Found a runed translucent gate.
  6017 | D:6      | Noticed MisterFreud's ghost (novice GnFi)
  6055 | D:5      | Reached skill level 4 in Conjurations
  6200 | D:6      | Noticed Maggie
  6315 | D:6      | Reached skill level 1 in Fighting
  6394 | D:6      | Noticed diceflayer's ghost (novice MiFi)
  6394 | D:6      | Noticed Manslay's ghost (novice OpCj)
  6497 | D:6      | Killed Maggie
  6498 | D:6      | Reached skill level 5 in Conjurations
  6498 | D:6      | Gained mutation: A meltable icy envelope protects you from
                  | harm. (AC +4) [demonic ancestry]
  6498 | D:6      | Reached XP level 8. HP: 40/56 MP: 1/14
  6874 | D:7      | Learned a level 5 spell: Fireball
  7154 | D:7      | Noticed Duvessa
  7207 | D:7      | Noticed Harold
  7596 | D:7      | Reached skill level 5 in Spellcasting
  7596 | D:7      | Reached skill level 6 in Conjurations
  7625 | D:7      | Found a staircase to the Ecumenical Temple.
  7636 | Temple   | Entered the Ecumenical Temple
  7818 | D:7      | Killed Duvessa
  7987 | D:7      | Found a blossoming altar of Fedhas.
  8108 | D:7      | Found an iron altar of Okawaru.
  8135 | D:7      | Killed Harold
  8136 | D:7      | Reached skill level 7 in Conjurations
  8136 | D:7      | Reached XP level 9. HP: 42/65 MP: 3/17
  8431 | D:7      | Noticed Dowan
  8778 | D:7      | Killed Dowan
  9214 | D:8      | Reached skill level 8 in Conjurations
  9249 | Temple   | Became a worshipper of Sif Muna the Loreminder
  9414 | D:8      | Reached skill level 5 in Fighting
  9764 | D:8      | Found a radiant altar of Vehumet.
  9870 | D:8      | Found a sparkling altar of Nemelex Xobeh.
 10116 | D:9      | Noticed a manticore
 10136 | D:9      | Killed a manticore
 10137 | D:9      | Reached XP level 10. HP: 51/74 MP: 6/19
 10356 | D:9      | Reached skill level 9 in Conjurations
 10878 | D:10     | Entered Level 10 of the Dungeon
 10952 | D:10     | Noticed a two-headed ogre
 11099 | D:10     | Found a runed translucent door.
 11100 | D:10     | Noticed vatarom's ghost (novice DsIE)
 11100 | D:10     | Noticed a cane toad
 11193 | D:10     | Found a hazy altar of Hepliaklqana.
 11207 | D:10     | Found a sacrificial altar of Ru.
 11209 | D:10     | Found a faded altar of an unknown god.
 11211 | D:10     | Found an ancient bone altar of Kikubaaqudgha.
 11272 | D:10     | Noticed a skeletal warrior
 11316 | D:10     | Killed a skeletal warrior
 11541 | D:10     | Reached skill level 1 in Evocations
 11661 | D:10     | Found Kexoraax's Distillery.
 11831 | D:10     | Noticed a skeletal warrior
 11832 | D:10     | Noticed a skeletal warrior
 11885 | D:10     | Noticed a death drake
 11980 | D:11     | Found a staircase to the Orcish Mines.
 12117 | D:10     | Reached skill level 10 in Conjurations
 12264 | D:10     | Noticed Erica
 12277 | D:10     | Killed Erica
 12277 | D:10     | Reached * piety under Sif Muna
 12542 | D:11     | Reached XP level 11. HP: 69/83 MP: 13/21
 12591 | D:11     | Reached skill level 1 in Invocations
 12713 | D:11     | Noticed a boulder beetle
 12725 | D:11     | Noticed a necromancer
 12992 | D:11     | Noticed a necromancer
 12994 | D:11     | Killed a necromancer
 13138 | D:10     | Killed a boulder beetle
 13397 | D:10     | Killed a two-headed ogre
 13797 | D:10     | Reached skill level 5 in Invocations
 13882 | D:11     | Reached skill level 11 in Conjurations
 13883 | D:11     | Killed a necromancer
 14231 | D:11     | Found a staircase to the Lair.
 14241 | D:11     | Noticed a two-headed ogre
 14250 | D:11     | Killed a two-headed ogre
 14540 | D:11     | Reached ** piety under Sif Muna
 14616 | D:11     | Reached XP level 12. HP: 64/89 MP: 5/22
 14975 | D:11     | Reached skill level 12 in Conjurations
 15542 | D:11     | Identified the +3 scale mail of Ocedgh {Int+6 Dex+4}
 15688 | D:12     | Found a gate leading to a gauntlet.
 15693 | Gauntlet | Entered a Gauntlet
 15693 | Gauntlet | Found a transporter.
 15693 | Gauntlet | Found a transporter.
 15697 | Gauntlet | Found a transporter.
 15698 | Gauntlet | Found a transporter.
 15706 | Gauntlet | Found a transporter.
 15725 | Gauntlet | Found a transporter.
 15731 | Gauntlet | Found a large runed translucent door.
 15732 | Gauntlet | Found a large runed translucent door.
 15732 | Gauntlet | Noticed an entropy weaver
 15734 | Gauntlet | Found a transporter.
 15734 | Gauntlet | Found a large runed translucent door.
 15734 | Gauntlet | Noticed a blizzard demon
 15735 | Gauntlet | Found a runed translucent gate.
 15735 | Gauntlet | Found a large runed translucent door.
 15736 | Gauntlet | Found a transporter.
 15736 | Gauntlet | Found a runed translucent gate.
 15736 | Gauntlet | Found a transporter.
 15736 | Gauntlet | Found a large runed translucent door.
 15736 | Gauntlet | Found a large runed translucent door.
 15736 | Gauntlet | Found a runed translucent door.
 15737 | Gauntlet | Found a runed translucent gate.
 15737 | Gauntlet | Found a runed translucent door.
 15737 | Gauntlet | Found a large runed translucent door.
 15738 | Gauntlet | Found a large runed translucent door.
 15740 | Gauntlet | Found a transporter.
 15745 | Gauntlet | Found a large runed translucent door.
 15745 | Gauntlet | Found a large runed translucent door.
 15746 | Gauntlet | Found a large runed translucent door.
 15747 | Gauntlet | Found a large runed translucent door.
 15756 | Gauntlet | Found a large runed translucent door.
 15756 | Gauntlet | Found a large runed translucent door.
 15772 | Gauntlet | Found a transporter.
 15790 | Gauntlet | Found a transporter.
 15835 | Gauntlet | Found a transporter.
 15853 | Gauntlet | Found a transporter.
 15867 | Gauntlet | Found a large runed translucent door.
 15867 | Gauntlet | Found a large runed translucent door.
 16008 | D:12     | Noticed Josephine
 16013 | D:12     | Identified the +2 leather armour of Xoodgh {Harm +Inv
                  | Str+3}
 16014 | D:12     | Noticed a two-headed ogre
 16083 | Lair:1   | Entered Level 1 of the Lair of Beasts
 16320 | Lair:1   | Reached skill level 10 in Invocations
 16684 | Lair:1   | You fall into a shaft and drop 1 floor!
 16722 | Lair:2   | Reached *** piety under Sif Muna
 16757 | Lair:2   | Found a staircase to the Swamp.
 16997 | Lair:2   | Reached skill level 10 in Fire Magic
 17055 | Lair:2   | Noticed an eight-headed hydra
 17468 | Lair:1   | Reached skill level 13 in Conjurations
 17640 | Lair:1   | Identified the ring "Muplerucept" {Fly rC+ rCorr Dex+4}
 17963 | Lair:2   | Identified the +5 flail "Sipsurph" {elec, Str+6 Int-2
                  | Stlth+}
 18491 | Lair:2   | Gained mutation: Spells you cast may paralyse nearby
                  | enemies. [demonic ancestry]
 18491 | Lair:2   | Reached XP level 13. HP: 89/94 MP: 15/23
 18855 | Lair:3   | Noticed Yjeari's ghost (journeyman GrMo)
 18895 | Lair:3   | Found a transporter.
 19084 | Lair:3   | Found an ornate altar of the Wu Jian Council.
 19086 | Lair:3   | Found a hide-covered altar of Uskayaw.
 19745 | Lair:3   | Found a transporter.
 20029 | Lair:4   | Found a hole to the Spider Nest.
 20183 | Lair:4   | Reached **** piety under Sif Muna
 20275 | Lair:4   | Reached skill level 1 in Shields
 22332 | Lair:5   | Reached skill level 14 in Conjurations
 22675 | Lair:5   | Found a staircase to the Slime Pits.
 22710 | Lair:5   | Reached XP level 14. HP: 106/106 MP: 2/26
 22881 | Lair:6   | Entered Level 6 of the Lair of Beasts
 23414 | Lair:6   | Reached ***** piety under Sif Muna
 23414 | Lair:6   | Received a gift from Sif Muna
 23629 | Lair:6   | Found a runed translucent door.
 23629 | Lair:6   | Noticed Borgoz's ghost (journeyman GrBe)
 23887 | Lair:6   | Got Sif Muna's Volume of Ice {god gift}
 24099 | Lair:6   | Learned a level 2 spell: Blink
 24524 | Lair:6   | Reached skill level 1 in Translocations
 26019 | D:12     | Reached skill level 10 in Fighting
 26026 | D:12     | Killed Josephine
 26368 | D:12     | Reached skill level 10 in Spellcasting
 26523 | D:12     | Reached skill level 1 in Short Blades
 26523 | D:12     | Noticed Rupert
 26641 | D:12     | Killed Rupert
 27340 | D:13     | Gained mutation: Spells you cast and wands you use may
                  | paralyse nearby enemies. [demonic ancestry]
 27340 | D:13     | Reached XP level 15. HP: 115/115 MP: 23/29
 28482 | D:13     | Found a snail-covered altar of Cheibriados.
 28652 | D:13     | Found a gate to the Vaults.
 28959 | D:14     | Found a flagged portal.
 28980 | D:14     | Received a gift from Sif Muna
 30028 | D:14     | Got Sif Muna's Guide on Conjuration and the Blaze {god
                  | gift}
 30072 | D:14     | Reached skill level 5 in Evocations
 30588 | D:15     | Entered Level 15 of the Dungeon
 30599 | D:15     | Reached skill level 15 in Conjurations
 32126 | D:14     | Learned a level 5 spell: Freezing Cloud
 33292 | D:15     | Reached skill level 5 in Short Blades
 33631 | D:15     | Found a staircase to the Depths.
 33826 | D:15     | Learned a level 5 spell: Bolt of Magma
 34060 | D:15     | Found a runed translucent gate.
 34061 | D:15     | Found a runed translucent gate.
 34062 | D:15     | Found a runed translucent gate.
 34062 | D:15     | Noticed Joteten's ghost (journeyman TrMo)
 34091 | D:15     | Gained mutation: You have a pair of small antennae on your
                  | head. [demonic ancestry]
 34091 | D:15     | Reached XP level 16. HP: 122/122 MP: 10/30
 34479 | D:15     | Identified the +1 pair of boots of Qafal {+Blink rC+}
 34482 | D:15     | Identified the +12 broad axe of the Sun {flame, rElec rC+
                  | Will+}
 34711 | Swamp:1  | Entered Level 1 of the Swamp
 34711 | Swamp:1  | Noticed a thorn hunter
 34714 | Swamp:1  | Killed a thorn hunter
 34810 | Spider:1 | Entered Level 1 of the Spider Nest
 35323 | Spider:1 | Received a gift from Sif Muna
 35324 | Spider:1 | Got Oxaz's Handbook of the Shifting Escort {god gift}
 36269 | Lair:4   | Reached skill level 1 in Earth Magic
 38412 | Spider:1 | Noticed Jorgrun
 38418 | Spider:1 | Killed Jorgrun
 38896 | Spider:1 | Found a runed translucent door.
 38896 | Spider:1 | Found a shimmering altar of Xom.
 38896 | Spider:1 | Noticed ABBCCCDDDD's ghost (adept OpFE)
 38897 | Spider:1 | Identified the +4 scimitar of Doass {chaos, rElec rF+
                  | Str+4}
 39855 | Spider:1 | Reached skill level 16 in Conjurations
 39859 | Spider:1 | Received a gift from Sif Muna
 42033 | Spider:3 | Reached skill level 5 in Earth Magic
 42461 | Spider:3 | Received a gift from Sif Muna
 42989 | Spider:3 | Gained mutation: Your movements are less encumbered by
                  | armour. (ER -4) [demonic ancestry]
 42989 | Spider:3 | Reached XP level 17. HP: 128/128 MP: 4/31
 43120 | Spider:3 | Identified the +1 rapier "Zaekhourph" {antimagic, rC+}
 48203 | Swamp:2  | Reached skill level 17 in Conjurations
 48339 | Swamp:2  | Received a gift from Sif Muna
 48340 | Swamp:2  | Got Sif Muna's Compendium of Battle Magic {god gift}
 48349 | Swamp:2  | Learned a level 7 spell: Orb of Destruction
 52206 | Swamp:4  | Entered Level 4 of the Swamp
 53583 | Swamp:4  | Noticed the 27-headed Lernaean hydra
 53600 | Swamp:3  | Gained mutation: You have a pair of antennae on your head.
                  | [demonic ancestry]
 53600 | Swamp:3  | Reached XP level 18. HP: 71/134 MP: 26/32
 54564 | Swamp:4  | Reached skill level 15 in Invocations
 55394 | Swamp:4  | Killed the 27-headed Lernaean hydra
 56135 | Swamp:4  | Got a decaying rune of Zot
 56408 | Spider:4 | Entered Level 4 of the Spider Nest
 58287 | Spider:3 | Learned a level 6 spell: Starburst
 59109 | Spider:4 | Reached skill level 18 in Conjurations
 59626 | Spider:4 | Received a gift from Sif Muna
 59635 | Spider:4 | Got Tyipn's Compendium of Supportive Fire {god gift}
 61679 | Spider:4 | Got a gossamer rune of Zot
 61987 | Depths:1 | Entered Level 1 of the Depths
 61993 | Depths:1 | Noticed the Enchantress
 62559 | Orc:1    | Entered Level 1 of the Orcish Mines
 62776 | Orc:2    | Entered Level 2 of the Orcish Mines
 62858 | Orc:2    | Found a frozen archway.
 62885 | IceCv    | Entered an ice cave
 63461 | IceCv    | Found the +4 skin of Zhor {*Englaciate rC+++ SInv}
 63478 | IceCv    | Got the ring of the Messenger {Contam rC+ Str+9 SInv}
 63804 | IceCv    | Found a viscous altar of Jiyva.
 63981 | IceCv    | Identified the +2 leather armour of Jewk {Int+2 SInv}
 64493 | Orc:2    | Found a staircase to the Elven Halls.
 64768 | Orc:2    | Found Taylyaf's General Store.
 64768 | Orc:2    | Found Wolaigapn's Antique Weapon Shop.
 64769 | Orc:2    | Found Xeidufos's Antique Armour Shoppe.
 64769 | Orc:2    | Found Wagaymp's Antique Armour Shoppe.
 64939 | Elf:1    | Entered Level 1 of the Elven Halls
 64948 | Elf:1    | Cast into level 2 of the Abyss (+1 mace of distortion)
 65032 | Abyss:2  | Noticed a profane servitor
 65037 | Abyss:2  | Reached XP level 19. HP: 131/140 MP: 10/34
 65045 | Abyss:2  | Gained mutation: You sometimes lose the ability to read
                  | scrolls when taking damage. [a cacodemon]
 65102 | Abyss:2  | Found a corrupted altar of Lugonu.
 65112 | Abyss:2  | Found a corrupted altar of Lugonu.
 65237 | Abyss:2  | Received a gift from Sif Muna
 65239 | Abyss:2  | Got Sif Muna's Advanced Guide to the Arcane Arts {god gift}
 65613 | Abyss:2  | Learned a level 7 spell: Spellforged Servitor
 65629 | Abyss:2  | Gained mutation: You occasionally shout uncontrollably at
                  | your foes. [a neqoxec]
 65655 | Elf:1    | Escaped the Abyss
 66111 | Elf:1    | Reached skill level 1 in Summonings
 66616 | D:15     | Mangled by a spriggan defender

Illustrated notes

Levels and vault maps discovered:
D:1:      dpeg_arrival_more_subterranean_lakeside_camping, layout_rooms,
          minmay_unequal
D:2:      cheibrodos_greedy_goblins, layout_loops_cross,
          shapermc_ecumenical_altar_starsandcircs
D:3:      layout_basic, serial_shops, nicolae_lakefront_shop, minivault_4,
          uniq_crazy_yiuf_cottage
D:4:      layout_rooms, grunt_temple_overflow_cloverleaf, portal_sewer_entry_d
D:5:      layout_basic, gammafunk_ghost_smash
D:6:      layout_rooms, gammafunk_ghost_cemetery, eino_tiny_chamber, uniq_maggie
D:7:      minmay_inner_zag, layout_rooms, kennysheep_okawaru_gauntlet,
          kennysheep_mini_moat, minmay_temple_entry_wispy, uniq_duvessa,
          uniq_harold
D:8:      layout_basic, vehumet_altar_wand_db, minitemple, minmay_crystal_room
D:9:      layout_cave_pools
D:10:     kennysheep_steamy, layout_basic, chequers_temple_overflow_minitemple,
          serial_shops, kennysheep_mini, ebering_ghost_inner_flame, uniq_erica
D:11:     hangedman_screamer, layout_cave_pools, dpeg_oklobed_lair, orc_0_dummy,
          laboratory
D:12:     layout_cave_pools, gauntlet_entry_generic, uniq_rupert, uniq_josephine
D:13:     layout_loops_corners, hangedman_vaults_entry_quadrant_bands,
          kennysheep_cross_bottleneck, slow_altar_1
D:14:     layout_basic, enter_bailey_2, minivault_14
D:15:     hangedman_depths_entry_civil_slaughter, layout_rooms,
          biasface_ghost_orc_armoury, special_room [special_room_bee],
          grunt_decor_fettered
Temple:   pf_slimified_temple
Lair:1:   layout_chaotic_city, minmay_lair_oklob_chamber
Lair:2:   layout_roguey, minmay_swamp_entry_worms, infiniplex_staircase_pool,
          grunt_megastairs_3
Lair:3:   layout_cave_shapes, gammafunk_ghost_berserking_beasts,
          serial_bayou_lagoon_a, st_stairs_9, nzn_masters_of_martial_movement
Lair:4:   layout_misc_corridors, nicolae_spider_entry_non_spiders
Lair:5:   beast_lair_carwin_large_4, layout_long_grid,
          nicolae_slime_entry_slimehenge
Lair:6:   hangedman_lair_tendril_chambers, layout_layer_cave,
          hellmonk_ghost_happy_afterlife
Swamp:1:  layout_falls_marsh, evilmike_swamp_ruin_house_2, swamp_pool2,
          nicolae_swamp_bean_lake
Swamp:2:  layout_falls_marsh, nicolae_swamp_little_swirl, swamp_pool1
Swamp:3:  nicolae_swamp_standing_stones, layout_basic_swamp,
          nicolae_swamp_some_circles
Swamp:4:  swamp_old_school, layout_basic_swamp
Spider:1: layout_spider_delve, ebering_ghost_xom, drop_trap, uniq_jorgrun
Spider:2: layout_spider_delve, beargit_elvish_explorers
Spider:3: layout_spider_delve, nicolae_spider_undead_wolf_pack
Spider:4: grunt_spider_rune_parallel, drop_trap, guppyfry_spider_mini_2
Orc:1:    layout_diamond_mine, uniq_fannar
Orc:2:    st_orc_elflike, layout_caves, portal_ice_cave_demonic_guard
Elf:1:    layout_loops_cross
Depths:1: layout_cave_pools, grunt_hell_horde, kiku_gazebo_pond_becter,
          ashenzari_conservatory_becter, uniq_enchantress

Skill      XL: |  1  2  3  4  5  6  7  8  9 10 11 12 13 14 15 16 17 18 19 |
---------------+----------------------------------------------------------+-----
Stealth        | 2 |  2.1
Dodging        | 2 3 |  3.8
Fire Magic     | 3 4 5 6 7 8 9 10 11 12 | 12.2
Conjurations   | 2 3 5 7 8 10 11 13 14 15 16 17 18 | 18.0
Spellcasting   | 3 4 5 6 8 10 11 12 | 12.0
Fighting       | 2 4 5 6 8 10 | 10.0
Evocations     | 3 7 8 9 |  9.6
Invocations    | 8 11 12 14 16 | 16.6
Shields        | 2 4 |  4.0
Translocations | 3 |  3.0
Short Blades   | 1 5 8 |  8.0
Earth Magic    | 5 8 9 |  9.8
Summonings     | 1 |  1.0

Action                   |  1- 3 |  4- 6 |  7- 9 | 10-12 | 13-15 | 16-18 | 19-21 || total
-------------------------+-------+-------+-------+-------+-------+-------+-------++-------
Melee: Whip              |    18 |       |       |       |       |       |       ||    18
       Dagger            |    32 |    67 |    36 |       |       |       |       ||   135
       Short sword       |       |       |    77 |   175 |   402 |   360 |    26 ||  1040
 Cast: Foxfire           |    74 |   110 |    86 |   108 |    40 |    15 |       ||   433
       Sticky Flame      |       |       |    27 |    83 |   185 |   175 |     3 ||   473
       Fireball          |       |       |     1 |    85 |   330 |   369 |     5 ||   790
       Conjure Flame     |       |       |     1 |     2 |     2 |       |       ||     5
       Blink             |       |       |       |       |    13 |    18 |     2 ||    33
       Bolt of Magma     |       |       |       |       |     4 |   226 |    28 ||   258
       Starburst         |       |       |       |       |       |    32 |     8 ||    40
       Orb of Destructio |       |       |       |       |       |    17 |     1 ||    18
       Lehudib's Crystal |       |       |       |       |       |     1 |       ||     1
Invok: Channel Magic     |       |       |       |     4 |    12 |    18 |     1 ||    35
       Divine Exegesis   |       |       |       |       |       |     1 |       ||     1
Evoke: Wand              |       |       |       |     3 |     2 |     8 |     4 ||    17
       Lightning rod     |       |       |       |       |     1 |     2 |       ||     3
       Condenser vane    |       |       |       |       |     1 |     1 |       ||     2
  Use: Scroll            |     2 |     6 |     9 |     5 |     8 |    15 |     4 ||    49
       Potion            |       |     1 |     3 |     2 |     5 |    10 |     5 ||    26
 Stab: Paralysed         |       |    19 |    30 |    44 |   114 |    82 |     8 ||   297
       Sleeping          |       |     3 |     4 |       |       |       |       ||     7
Armor: Robe              |    20 |    24 |     8 |       |       |       |       ||    52
       Steam dragon scal |       |       |    95 |   168 |       |       |       ||   263
       Scale mail        |       |       |       |    24 |   333 |   546 |    41 ||   944
Dodge: Dodged            |    55 |    49 |   127 |   198 |   275 |   390 |    54 ||  1148
Block: Other             |    13 |    13 |    22 |    54 |    37 |       |       ||   139
       Buckler           |       |       |       |       |   177 |   437 |    33 ||   647
